 Dungeon Crawl Stone Soup version 0.30.1-11-g7821555f0a (webtiles) character file.

Game seed: 8701553552938833322

70564 porpoise the Markskobold (level 15, -9/96 HPs)
             Began as a Kobold Hunter on Dec 5, 2023.
             Was the Champion of Fedhas.
             Mangled by a very large slime creature (50 damage)
             ... on level 12 of the Dungeon on Dec 6, 2023.
             The game lasted 01:49:36 (25576 turns).

porpoise the Markskobold (Kobold Hunter)           Turns: 25576, Time: 01:49:37

Health: -9/96      AC: 15    Str: 11    XL:     15   Next: 78%
Magic:  24/24      EV: 22    Int:  7    God:    Fedhas [******]
Gold:   402        SH:  0    Dex: 28    Spells: 20/24 levels left

rFire   + + +        b - +2 arbalest (flame)
rCold   . . .        (shield currently unavailable)
rNeg    . . .        H - +0 fire dragon scales of Hegu {rF++ rC- Will+++ Str+2 Int-5 Dex+2}
rPois   .            C - +0 helmet
rElec   .            t - scarf {rC+ rF+}
rCorr   .            (no gloves)
SInv    .            v - +2 pair of boots
Will    ++++.        (no amulet)
Stlth   ++++         x - +4 ring of slaying
HPRegen 0.36/turn    k - ring "Xirhotel" {EV+5 Int+2}
MPRegen 0.19/turn

%: no passive effects
@: no status effects
A: small, no large weapons, nightstalker 3
a: Renounce Religion, Wall of Briars, Grow Ballistomycete, Overgrow, Grow Oklob


You were on level 12 of the Dungeon.
You worshipped Fedhas.
Fedhas was exalted by your worship.
You visited 4 branches of the dungeon, and saw 19 of its levels.
You also visited: Sewer, Bailey, Gauntlet and Volcano.

You collected 3925 gold pieces.
You spent 3523 gold pieces at shops.

Inventory:

Hand Weapons
 a - a +1 shortbow of draining
 b - a +2 arbalest of flaming (weapon)
Missiles
 U - 7 curare-tipped darts
Armour
 t - a scarf of resistance (worn)
 v - a +2 pair of boots (worn)
 A - a +0 troll leather armour
 C - a +0 helmet (worn)
 H - the +0 fire dragon scales of Hegu (worn) {rF++ rC- Will+++ Str+2 Int-5 Dex+2}
   (You bought it in a shop on level 2 of the Orcish Mines)

   Str:       It affects your strength (+2).
   Int:       It affects your intelligence (-5).
   Dex:       It affects your dexterity (+2).
   rF:        It greatly protects you from fire.
   rC:        It makes you vulnerable to cold.
   Will:      It greatly increases your willpower.
Jewellery
 g - a ring of resist corrosion
 k - the ring "Xirhotel" (right hand) {EV+5 Int+2}
   (You found it on level 2 of the Dungeon)

   [ring of evasion]

   EV:        It affects your evasion (+5).
   Int:       It affects your intelligence (+2).
 x - a +4 ring of slaying (left hand)
 z - a ring of poison resistance
Wands
 l - a wand of digging (13)
 y - a wand of polymorph (30)
 D - a wand of flame (16)
 M - a wand of roots (20)
 S - a wand of light (12)
Scrolls
 h - a scroll of butterflies
 i - 5 scrolls of magic mapping
 m - 14 scrolls of teleportation
 p - 2 scrolls of blinking
 q - 2 scrolls of poison
 r - 5 scrolls of fog
 s - 3 scrolls of noise
 u - a scroll of amnesia
 E - a scroll of fear
 F - 3 scrolls of identify
Potions
 c - a potion of flight
 d - a potion of brilliance
 e - 2 potions of invisibility
 f - 2 potions of heal wounds
 j - 2 potions of attraction
 n - 9 potions of haste
 o - 3 potions of ambrosia
 B - a potion of magic
 J - a potion of resistance
 L - a potion of cancellation
 O - 3 potions of might
 P - 2 potions of lignification
 Q - 9 potions of curing
Miscellaneous
 w - a phantom mirror
 Z - a box of beasts


   Skills:
 - Level 12.0 Fighting
 - Level 18.0 Ranged Weapons
 * Level 8.2 Armour
 - Level 9.0 Dodging
 - Level 9.0 Stealth
 - Level 5.0 Spellcasting
 + Level 6.1 Translocations
 - Level 5.0 Transmutations
 + Level 12.5 Invocations
 - Level 7.0 Evocations


You had 20 spell levels left.
You knew the following spells:

 Your Spells              Type           Power      Damage    Failure   Level
k - Blink                 Tloc           20%        N/A       22%         2
w - Wereblood             Tmut           8%         N/A       32%         2

Your spell library contained the following spells:

 Spells                   Type           Power      Damage    Failure   Level
 Beastly Appendage        Tmut           16%        N/A       22%         1
 Gell's Gravitas          Tloc           10%        N/A       38%         3
 Teleport Other           Tloc           10%        N/A       38%         3
 Sting                    Tmut/Pois      20%        1d4       52%         1
 Manifold Assault         Tloc           10%        N/A       80%         4
 Freeze                   Ice            4%         1d3       86%         1
 Kiss of Death            Conj/Necr      4%         2d5       86%         1
 Spider Form              Tmut/Pois      5%         N/A       88%         3
 Cigotuvi's Dreadful Rot  Necr/Pois/Air  2%         N/A       95%         2
 Ensorcelled Hibernation  Hex/Ice        2%         N/A       95%         2
 Sublimation of Blood     Necr           1%         N/A       95%         2
 Ignite Poison            Fire/Tmut/Pois 4%         N/A       95%         3
 Confusing Touch          Hex            1%         N/A       99%         3
 Frozen Ramparts          Ice            2%         1d1       99%         3
 Hailstorm                Conj/Ice       1%         3d3       99%         3
 Inner Flame              Hex/Fire       1%         N/A       99%         3
 Petrify                  Tmut/Erth      5%         N/A       99%         4
 Anguish                  Hex/Necr       0%         N/A       100%        4
 Dispel Undead            Necr           1%         3d6       100%        4
 Flame Wave               Conj/Fire      1%         2d4       100%        4
 Sticky Flame             Conj/Fire      1%         2d3       100%        4
 Irradiate                Conj/Tmut      2%         3d12      100%        5
 Dispersal                Tloc           5%         N/A       100%        6
 Storm Form               Tmut/Air       2%         N/A       100%        7
 Ignition                 Fire           0%         3d3       100%        8


Dungeon Overview and Level Annotations

Branches:
Dungeon (12/15)            Temple (1/1) D:6            Lair (4/5) D:9
  Swamp (0/4) Lair:2        Snake (0/4) Lair:2          Orc (2/2) D:11
    Elf (0/3) Orc:2         Sewer (visited)          Bailey (visited)
Volcano (visited)         Gauntlet (visited)
  Slime: Lair:4-5

Altars:
Ashenzari
Cheibriados
Dithmenos
Elyvilon
Fedhas
Gozag
Hepliaklqana
Kikubaaqudgha
Makhleb
Nemelex Xobeh
Okawaru
Qazlal
Ru
Sif Muna
Trog
Uskayaw
Vehumet
Wu Jian
Xom
Yredelemnul
Zin
The Shining One

Shops:
D:4 =   D:11 =   Orc:2 ?*=(*[?*:

Portals:
Trove: D:10 (give 3 potions of resistance)

Annotations:
D:5 2 runed translucent doors
D:10 revisit from D11 up stair, exclusion: downstairs
Orc:2 exclusion: upstairs


Innate Abilities, Weirdness & Mutations

You are small and have problems with some larger weapons.
You are completely attuned to the shadows.


Message History

You hear a shout! x2
You shoot a bolt. The bolt hits the slime creature!!
The bolt burns the slime creature!
The slime creature is severely wounded.
The slime creature closely misses you.
A deep elf pyromancer comes into view. It is wielding a +0 dagger.
Two slime creatures merge to form a large slime creature.
You shoot a bolt. The bolt hits the large slime creature!
The bolt burns the large slime creature.
The large slime creature is heavily wounded.
A slime creature comes into view.
The large slime creature hits you but does no damage.
You shoot a bolt.
The bolt hits the large slime creature!!
The bolt burns the large slime creature!
The large slime creature is severely wounded.
You hear a shout!
The large slime creature barely misses you.
You hear two shouts!
You shoot a bolt.
The bolt barely misses the large slime creature.
The bolt closely misses the deep elf pyromancer.
The bolt hits the slime creature!!
The bolt burns the slime creature!
The slime creature is severely wounded.
You hear a shout!
The large slime creature completely misses you.
The deep elf pyromancer casts a spell.
The deep elf pyromancer blinks!
Two slime creatures merge to form a very large slime creature.
You shoot a bolt.
The bolt barely misses the very large slime creature.
The very large slime creature misses you.
You shoot a bolt.
The bolt hits the very large slime creature.
The bolt burns the very large slime creature.
The very large slime creature is severely wounded.
The very large slime creature hits you!!!
Ouch! That really hurt!
You die...
Fedhas appreciates your contribution to the ecosystem.

...#########
........#..
........#.#
........#@#
........#J####
..............
###.#####e#.##
#. #.#... ##
#..# .# #.##
.. .#.


You could see a very large slime creature and a deep elf pyromancer.

Vanquished Creatures
  An orc warlord (Bailey)
  A minotaur (Gauntlet)
  A fire dragon (Volcano)
  2 hydras (Lair:2)
  Erolcha (D:9)
  2 catoblepae
  An ogre mage (D:12)
  2 centaur warriors (D:12)
  4 boulder beetles
  10 two-headed ogres
  3 death yaks
  6 orc high priests
  A skyshark (Lair:4)
  2 bog bodies (Lair:2)
  4 lindwurms (Volcano)
  An orc knight (Orc:1)
  2 deep elf pyromancers (D:12)
  3 ugly things
  2 cyclopes (D:12)
  3 orc sorcerers
  5 manticores
  An elephant (Lair:2)
  Joseph (D:9)
  4 torpor snails
  3 black mambas
  3 smoke demons (Volcano)
  A gargoyle (D:11)
  An unseen horror (D:11)
  11 cane toads
  2 rime drakes (Lair:1)
  2 minotaur zombies (Gauntlet)
  A kobold demonologist (D:10)
  10 komodo dragons
  A tengu conjurer (D:12)
  10 trolls
  4 polar bears
  10 blink frogs (Lair:3)
  Grinder (D:6)
  8 hornets
  Sigmund (D:6)
  6 slime creatures
  8 flying skulls (Gauntlet)
  5 wyverns
  13 yaks
  5 wraiths
  A shadow (D:12)
  Eustachio (D:5)
  3 vampires
  3 basilisks (Lair:1)
  7 vampire mosquitoes
  3 steam dragons (Volcano)
  3 wargs
  5 nagas (Lair:2)
  6 acid dragons
  14 water moccasins
  2 hell hounds (Volcano)
  2 ice beasts
  3 sky beasts
  A black bear (D:5)
  28 orc warriors
  4 ogres
  3 centaurs
  15 wolves
  2 kobold brigands (D:10)
  A phantom (D:6)
  8 bullfrogs
  7 scorpions
  3 gnoll sergeants
  6 wights
  7 killer bees (D:10)
  An electric eel (Lair:4)
  5 howler monkeys
  2 jellies
  28 orc priests
  7 hounds
  A sleepcap (D:6)
  6 iguanas
  31 orc wizards
  6 hell rats
  12 gnolls
  3 adders
  A river rat (Sewer)
  4 white imps
  2 ufetubi
  A worm (D:2)
  3 dart slugs
  66 orcs
  5 bats
  2 endoplasms (D:3)
  A giant cockroach (D:4)
  5 goblins
  9 hobgoblins
  4 jackals (D:2)
  5 quokkas
  5 ball pythons
  7 frilled lizards
  21 kobolds
  14 rats
564 creatures vanquished.

Vanquished Creatures (collateral kills)
  3 hydras
  3 ballistomycete spores
6 creatures vanquished.

Vanquished Creatures (others)
  An ogre mage (D:12)
  An oklob plant (Gauntlet)
  An acid dragon (Gauntlet)
3 creatures vanquished.

Grand Total: 573 creatures vanquished

Notes
Turn   | Place    | Note
-------+----------+-------------------------------------------
     0 | D:1      | porpoise the Kobold Hunter began the quest for the Orb.
     0 | D:1      | Reached XP level 1. HP: 12/12 MP: 1/1
   173 | D:1      | Reached XP level 2. HP: 18/18 MP: 2/2
   716 | D:2      | Identified the ring "Xirhotel" {EV+5 Int+2}
   757 | D:2      | Reached skill level 6 in Ranged Weapons
   774 | D:2      | Reached XP level 3. HP: 22/22 MP: 3/3
   949 | D:2      | Found a faded altar of an unknown god.
  1939 | D:3      | Found a glowing drain.
  1943 | Sewer    | Entered a sewer
  2057 | Sewer    | Reached XP level 4. HP: 28/28 MP: 4/4
  2130 | Sewer    | Reached skill level 7 in Ranged Weapons
  2870 | D:3      | Reached XP level 5. HP: 32/32 MP: 5/5
  2981 | D:4      | Found Cesobbam's Jewellery Shoppe.
  3708 | D:4      | Noticed a sky beast
  3739 | D:4      | Killed a sky beast
  3740 | D:4      | Reached skill level 8 in Ranged Weapons
  3740 | D:4      | Reached XP level 6. HP: 24/38 MP: 6/6
  4079 | D:5      | Entered Level 5 of the Dungeon
  4143 | D:5      | Noticed a black bear
  4152 | D:5      | Reached XP level 7. HP: 44/44 MP: 7/7
  4158 | D:5      | Reached skill level 9 in Ranged Weapons
  4163 | D:5      | Reached skill level 5 in Fighting
  4177 | D:5      | Noticed Eustachio
  4189 | D:5      | Reached skill level 10 in Ranged Weapons
  4228 | D:5      | Killed Eustachio
  4229 | D:5      | Reached XP level 8. HP: 22/51 MP: 8/8
  4590 | D:5      | Found a large runed translucent door.
  4590 | D:5      | Found a large runed translucent door.
  5140 | D:6      | Reached skill level 11 in Ranged Weapons
  5241 | D:6      | Noticed Grinder
  5254 | D:6      | Killed Grinder
  5255 | D:6      | Reached skill level 12 in Ranged Weapons
  5255 | D:6      | Reached XP level 9. HP: 49/56 MP: 9/9
  5426 | D:6      | Found a staircase to the Ecumenical Temple.
  5436 | Temple   | Entered the Ecumenical Temple
  5589 | Temple   | Became a worshipper of Fedhas Madash
  5663 | D:6      | Noticed Sigmund
  5676 | D:6      | Killed Sigmund
  5677 | D:6      | Reached skill level 13 in Ranged Weapons
  5677 | D:6      | Reached skill level 1 in Invocations
  6674 | D:7      | Reached skill level 14 in Ranged Weapons
  6802 | D:7      | Found a bloodstained altar of Trog.
  6812 | D:7      | Reached skill level 5 in Dodging
  6830 | D:7      | Reached * piety under Fedhas
  6831 | D:7      | Reached XP level 10. HP: 63/63 MP: 12/12
  7302 | D:7      | Found a radiant altar of Vehumet.
  7432 | D:8      | Found a flagged portal.
  7440 | Bailey   | Entered a bailey
  7650 | Bailey   | Reached skill level 15 in Ranged Weapons
  7654 | Bailey   | Noticed an orc warlord
  7696 | Bailey   | Reached ** piety under Fedhas
  7749 | Bailey   | Acquired 1291 gold pieces
  7766 | Bailey   | Found a runed translucent gate.
  7766 | Bailey   | Found a runed translucent gate.
  7767 | Bailey   | Found a runed translucent gate.
  7855 | Bailey   | Killed an orc warlord
  7856 | Bailey   | Reached skill level 5 in Invocations
  8019 | Bailey   | Identified the +5 whip of Gehenna {heavy, Dex+4 Stlth+}
  8037 | Bailey   | Acquired the ring "Yday" {Int+4 Dex+6}
  8044 | Bailey   | Learned a level 2 spell: Blink
  8409 | D:8      | Reached skill level 16 in Ranged Weapons
  9003 | D:9      | Found a staircase to the Lair.
  9135 | D:9      | Reached XP level 11. HP: 67/67 MP: 15/15
  9189 | D:9      | Reached skill level 1 in Armour
  9248 | D:9      | Noticed Erolcha
  9252 | D:9      | Killed Erolcha
  9271 | D:9      | Paralysed by a hornet for 3 turns
  9439 | D:9      | Noticed Joseph
  9459 | D:9      | Killed Joseph
  9460 | D:9      | Reached skill level 5 in Stealth
  9899 | D:10     | Entered Level 10 of the Dungeon
  9922 | D:10     | Reached skill level 1 in Evocations
  9942 | D:10     | Found a stormy altar of Qazlal.
 10011 | D:10     | Reached *** piety under Fedhas
 10015 | D:10     | Got Temer's Disquisition on the Dose
 10019 | D:10     | Learned a level 2 spell: Wereblood
 10026 | D:10     | Noticed a soul eater
 10204 | D:10     | Noticed a two-headed ogre
 10211 | D:10     | Killed a two-headed ogre
 10340 | D:10     | Noticed a two-headed ogre
 10346 | D:10     | Killed a two-headed ogre
 10389 | D:10     | Reached **** piety under Fedhas
 10400 | D:10     | Reached XP level 12. HP: 44/72 MP: 17/17
 10414 | D:10     | Reached skill level 5 in Evocations
 10533 | D:10     | Noticed an eight-headed hydra
 11903 | D:10     | Found a portal to a secret trove of treasure.
 12032 | D:10     | Found a glowing silver altar of Zin.
 12062 | D:10     | Noticed a two-headed ogre
 12069 | D:10     | Killed a two-headed ogre
 12070 | D:10     | Reached skill level 5 in Armour
 12294 | Lair:1   | Entered Level 1 of the Lair of Beasts
 12319 | Lair:1   | Reached skill level 1 in Spellcasting
 12345 | Lair:1   | Found a broken altar of Ashenzari.
 12958 | Lair:1   | Noticed a death yak
 12958 | Lair:1   | Noticed a death yak
 13000 | Lair:1   | Killed a death yak
 13001 | Lair:1   | Reached skill level 1 in Translocations
 13002 | Lair:1   | Killed a death yak
 13553 | Lair:2   | Noticed a boulder beetle
 13574 | Lair:2   | Killed a boulder beetle
 13695 | Lair:2   | Reached ***** piety under Fedhas
 13715 | Lair:2   | Found a staircase to the Snake Pit.
 13768 | Lair:2   | Found a staircase to the Swamp.
 13783 | Lair:2   | Reached XP level 13. HP: 80/80 MP: 19/19
 13919 | Lair:2   | Found a dark tunnel.
 13925 | Volcano  | Entered a volcano
 14177 | Volcano  | HP: 3/80 [smoke demon/divine providence (16)]
 14191 | Volcano  | Reached skill level 5 in Translocations
 14428 | Volcano  | Reached skill level 10 in Invocations
 14438 | Volcano  | Reached skill level 1 in Transmutations
 14627 | Volcano  | Noticed a fire dragon
 14650 | Volcano  | Killed a fire dragon
 15262 | Lair:2   | Noticed a five-headed hydra
 15263 | Lair:2   | Noticed a six-headed hydra
 15284 | Lair:2   | Killed a five-headed hydra
 15288 | Lair:2   | Killed a six-headed hydra
 15383 | Lair:2   | Noticed a seven-headed hydra
 15403 | Lair:2   | Killed a seven-headed hydra
 15971 | Lair:2   | Noticed a four-headed hydra
 15975 | Lair:2   | Killed a four-headed hydra
 15976 | Lair:2   | Reached skill level 5 in Transmutations
 16000 | Lair:2   | Reached XP level 14. HP: 86/86 MP: 22/22
 18039 | Lair:4   | Reached skill level 10 in Fighting
 18039 | Lair:4   | Reached skill level 5 in Spellcasting
 19395 | D:11     | Found Sakhleirph's Jewellery Shoppe.
 19445 | D:11     | Found a gate leading to a gauntlet.
 19450 | Gauntlet | Entered a Gauntlet
 19450 | Gauntlet | Found a transporter.
 19474 | Gauntlet | Found a transporter.
 19491 | Gauntlet | Found a transporter.
 19502 | Gauntlet | Found a transporter.
 19543 | Gauntlet | Found a runed translucent door.
 19551 | Gauntlet | Found a transporter.
 19562 | Gauntlet | Found a runed translucent door.
 19610 | Gauntlet | Found a transporter.
 19610 | Gauntlet | Found a transporter.
 19625 | Gauntlet | Found a transporter.
 19677 | Gauntlet | Found a transporter.
 19693 | Gauntlet | Found a transporter.
 19693 | Gauntlet | Found a transporter.
 19746 | Gauntlet | Found a runed translucent door.
 19747 | Gauntlet | Found a transporter.
 19791 | Gauntlet | Paralysed by a hornet for 2 turns
 20105 | Gauntlet | Identified the +6 quarterstaff "Boimi" {antimagic, rCorr
                  | Stlth+}
 20105 | Gauntlet | Noticed a minotaur
 20128 | Gauntlet | Killed a minotaur
 20931 | D:11     | Reached ****** piety under Fedhas
 21009 | D:11     | Found a staircase to the Orcish Mines.
 21403 | Orc:1    | Entered Level 1 of the Orcish Mines
 21793 | Orc:2    | Entered Level 2 of the Orcish Mines
 21926 | Orc:1    | Reached XP level 15. HP: 87/95 MP: 24/24
 22049 | Orc:2    | Found a staircase to the Elven Halls.
 22100 | Orc:2    | Found Yvik's Assorted Antiques.
 22317 | Orc:2    | Found Zovay's Magic Scroll Shop.
 22574 | Orc:2    | Reached skill level 17 in Ranged Weapons
 22772 | Orc:2    | Found Oguofout's Book Emporium.
 23091 | Orc:2    | Found Plog's Weapon Emporium.
 23190 | Orc:2    | Found Qiqawk's Assorted Antiques.
 23434 | Orc:2    | Found Itagorpho's Magic Scroll Shoppe.
 23436 | Orc:2    | Found Angum's Armour Shoppe.
 23438 | Orc:2    | Found Ypihatog's General Store.
 23439 | Orc:2    | Found Fafrud's Jewellery Emporium.
 23644 | Orc:2    | Bought a scroll of acquirement for 728 gold pieces
 23644 | Orc:2    | Acquired 499 gold pieces
 23666 | Orc:2    | Bought masterwork fire dragon scales for 1950 gold pieces
 23666 | Orc:2    | Identified the +0 fire dragon scales of Hegu {rF++ rC-
                  | Will+++ Str+2 Int-5 Dex+2} (You bought it in a shop on
                  | level 2 of the Orcish Mines)
 23700 | Orc:2    | Bought a dented blue amulet for 150 gold pieces
 23700 | Orc:2    | Bought a potion of heal wounds for 150 gold pieces
 23700 | Orc:2    | Bought a runed cloak for 225 gold pieces
 23773 | Orc:2    | Bought a scroll of blinking for 105 gold pieces
 23802 | Orc:2    | Bought a potion of heal wounds for 65 gold pieces
 23823 | Orc:2    | Bought a glowing leather armour for 150 gold pieces
 24431 | D:12     | Reached skill level 18 in Ranged Weapons
 25540 | D:12     | Noticed a tengu reaver
 25540 | D:12     | Noticed a fire giant
 25541 | D:12     | Noticed a sphinx
 25541 | D:12     | Noticed a frost giant
 25576 | D:12     | Mangled by a very large slime creature

Illustrated notes

Levels and vault maps discovered:
D:1:      dpeg_chamrin_arrival_tetris, layout_basic
D:2:      layout_loops_ring, serial_rivers, chequers_serial_rivers_large_a,
          chequers_serial_rivers_micro_d, chequers_serial_rivers_small_3,
          chequers_serial_rivers_micro_c, chequers_serial_rivers_large_b,
          ebering_ecumenical_altar_abandoned, minmay_small_reverse_x
D:3:      layout_basic, gup_sewer_entry_bowl
D:4:      layout_basic, serial_shops, nicolae_stop_n_shop_2
D:5:      layout_basic, ebering_ghost_disaster_area, uniq_eustachio
D:6:      layout_gridville, minmay_temple_entry_slanted, uniq_grinder,
          uniq_sigmund
D:7:      layout_basic, trog_butcher_becter, lemuel_round_altar
D:8:      layout_loops_ring, enter_bailey_2
D:9:      layout_gridville, lair_entry_dummy, uniq_erolcha, uniq_joseph
D:10:     layout_cave_pools, lemuel_round_altar, mainiacjoe_overflow_alcove_2,
          nicolae_trove_entry_columns, nzn_random_ring
D:11:     layout_basic, david_orc_5, serial_shops, shop, gauntlet_entry_generic,
          nicolae_fountain_basement
D:12:     kennysheep_snake, layout_basic, minmay_crystal_room
Temple:   mainiacjoe_temple_coin_purse
Lair:1:   layout_misc_corridors, basic_altar
Lair:2:   nzn_winding_woodlands_stair_cross [nzn_winding_woodlands_5x15_crooked,
          nzn_winding_woodlands_center_garden, nzn_winding_woodlands_5x15_eye,
          nzn_winding_woodlands_5x5_cross, nzn_winding_woodlands_5x5_open_star,
          nzn_winding_woodlands_5x15_default,
          nzn_winding_woodlands_center_pierced_h,
          nzn_winding_woodlands_5x15_split_checker], layout_loops_ring,
          skrybe_swamp_entry_bodies, minmay_snake_entry_guardpost_medium,
          enter_volcano_2, lemuel_fruit_tree
Lair:3:   nzn_motion_control, layout_hall_layers, lemuel_old_faithful
Lair:4:   layout_gridlike, serial_bayou_shore_b, serial_bayou_shore_b
Orc:1:    layout_diamond_mine, basic_altar
Orc:2:    st_orc_mages, layout_caves, serial_shops,
          nicolae_shop_window_shopping, shop, shop, shop,
          nicolae_shop_back_alley_shop

Skill      XL: |  1  2  3  4  5  6  7  8  9 10 11 12 13 14 15 |
---------------+----------------------------------------------+-----
Ranged Weapons | 6 7 8 10 12 14 16 18 | 18.0
Fighting       | 3 4 5 6 7 9 11 12 | 12.0
Dodging        | 5 7 9 |  9.0
Invocations    | 3 6 7 9 11 12 | 12.5
Stealth        | 2 8 9 |  9.0
Armour         | 4 5 7 8 |  8.2
Evocations     | 4 5 7 |  7.0
Spellcasting   | 3 5 |  5.0
Translocations | 3 5 6 |  6.1
Transmutations | 5 |  5.0

Action                     |  1- 3 |  4- 6 |  7- 9 | 10-12 | 13-15 || total
---------------------------+-------+-------+-------+-------+-------++-------
  Melee: Mace              |       |       |     4 |       |       ||     4
         Punch             |       |       |     1 |       |       ||     1
   Fire: Shortbow          |   100 |   116 |   254 |   769 |   608 ||  1847
         Arbalest          |       |       |       |       |   532 ||   532
   Cast: Blink             |       |       |       |       |     1 ||     1
         Wereblood         |       |       |       |       |     9 ||     9
 Invoke: Grow Ballistomyce |       |       |       |       |     2 ||     2
         Wall of Briars    |       |       |       |       |     1 ||     1
         Grow Oklob        |       |       |       |       |     1 ||     1
  Evoke: Box of beasts     |       |       |       |       |     2 ||     2
         Wand              |       |       |       |       |     1 ||     1
    Use: Scroll            |     2 |     7 |     5 |    15 |     7 ||    36
         Potion            |       |     1 |     5 |     3 |    15 ||    24
 Armour: Scale mail        |    18 |    49 |    33 |       |       ||   100
         Leather armour    |     2 |       |    19 |    70 |   106 ||   197
         Fire dragon scale |       |       |       |       |    29 ||    29
  Dodge: Dodged            |    60 |    66 |   131 |   394 |   768 ||  1419
